 Dungeon Crawl Stone Soup version 0.28-a0-793-g31680bbd8b (webtiles) character file.

Game seed: 8492283575968961548

46 spiderkeys the Ducker (level 3, -6/17 HPs)
             Began as a Felid Abyssal Knight on Nov 4, 2021.
             Was a Follower of Lugonu.
             Mangled by a black bear (9 damage)
             ... on level 2 of the Dungeon.
             The game lasted 00:01:47 (1609 turns).

spiderkeys the Ducker (Felid Abyssal Knight)        Turns: 1609, Time: 00:01:48

Health: -6/17      AC:  1    Str: 15    XL:     3   Next: 44%
Magic:  5/5        EV: 18    Int: 12    God:    Lugonu [*.....]
Gold:   24         SH:  0    Dex: 16    Spells: 2/2 levels left
                                        Lives:  0   Deaths: 0

rFire   . . .      SeeInvis +     - Unarmed
rCold   . . .      Faith    .   (shield unavailable)
rNeg    . . .      Spirit   .   (armour unavailable)
rPois   .          Reflect  .   (helmet unavailable)
rElec   .          Harm     .   (cloak unavailable)
rCorr   .          Rampage  .   (gloves unavailable)
Will    .....                   (boots unavailable)
Stlth   ++........              (no amulet)
HPRegen 0.05/turn               L - ring of flight
MPRegen 0.09/turn               S - +6 ring of strength

@: flying, quick
A: very small, claws 1, fangs 3, see invisible, speed 1, shaggy fur 1, stealthy
paws, no weapons or thrown items, no armour, multi-lived
a: Renounce Religion, Depart the Abyss


You were on level 2 of the Dungeon.
You worshipped Lugonu.
Lugonu was aware of your devotion.
You visited 1 branch of the dungeon, and saw 2 of its levels.
You visited the Abyss 1 time.

You collected 24 gold pieces.


Innate Abilities, Weirdness & Mutations

You have sharp claws.
You have razor-sharp teeth.
You have supernaturally acute eyesight. (SInv)
You cover ground quickly. (Speed+)
You are covered in fur. (AC +1)
Your paws help you pounce on unaware monsters.
You are incapable of wielding weapons or throwing items.
You cannot wear armour.
You gain extra lives every three experience levels.


   Skills:
 + Level 3.3 Fighting
 + Level 3.7 Dodging
 + Level 1.9 Stealth
 + Level 2.4 Unarmed Combat
 + Level 2.2 Invocations


You had 2 spell levels left.
You didn't know any spells.
Your spell library was empty.

Inventory:

Jewellery
 L - a ring of flight (left paw)
   (You found it on level 1 of the Abyss)
 S - a +6 ring of strength (right paw)
   (You found it on level 1 of the Dungeon)
Scrolls
 f - a scroll of immolation {unknown}
 h - a scroll of enchant weapon {unknown}
 i - a scroll of fog {unknown}
Potions
 a - a potion of curing {unknown}
 b - 2 potions of berserk rage {unknown}
 d - a potion of degeneration {unknown}
 e - 3 potions of invisibility {unknown}
 g - 2 potions of haste {unknown}
Miscellaneous
 c - a phantom mirror (inert)
   (You found it on level 2 of the Abyss)

Dungeon Overview and Level Annotations

Branches:
Dungeon (2/15)

Altars:

......).........
........$......##
.................
................#
#..............#
#.......h.......
#...............
#....†..h.....##
#######.@.......
.........†.(....
#######.......#.
................
######.###.#..#
########.# .#..#
#.....##.# .# .#
..######.....##.#
................#


You could see a black bear (berserk, ally target) and a friendly black bear
(summoned, drained).


Message History

Key pressed, stopping explore.
h - a scroll labelled NUEDIU PERIDI A goblin comes into view.
It is wielding a +0 club.
A goblin is nearby!
A rat comes into view.
You barely miss the rat.
The goblin shouts!
You hear an angry hiss.
You closely miss the rat. The rat bites you.
An adder comes into view. 😕 HP[-3]
You take 3 damage, and now have 14/17 hp.
You scratch the goblin. The rat misses you. The goblin closely misses you.
You closely miss the goblin. The rat barely misses you.
The goblin barely misses you.
You closely miss the goblin. The rat barely misses you. The goblin misses you.
You claw the goblin!
You kill the goblin!
Lugonu accepts your kill. The rat barely misses you.
You scratch the rat but do no damage. The rat bites you. 😕 HP[-1]
You take 1 damage, and now have 13/17 hp.
You scratch the adder. The rat closely misses you.
The adder closely misses you.
You scratch the adder. The adder barely misses you. The rat misses you.
You claw the adder!
You kill the adder!
Lugonu accepts your kill. The rat barely misses you. 😕 HP[+1]
A rat comes into view.
The rat closely misses you.
You scratch the rat but do no damage. The rat misses you.
You scratch the rat.
You kill the rat!
Lugonu accepts your kill.
You scratch the rat.
You kill the rat!
Lugonu accepts your kill.
You see here a rat corpse.
Key pressed, stopping explore.
Things that are here:
a +0 club; a goblin corpse; 😎 HP[+3]
Your hp is fully restored (17).
i - a scroll labelled WAROCV IDUNLOI A dart slug comes into view.
The dart slug closely misses you.
You scratch the dart slug. You scratch the dart slug.
The dart slug launches a dart at you. The slug dart misses you.
You scratch the dart slug but do no damage.
The dart slug launches a dart at you. The slug dart misses you.
A dart slug is nearby!
You scratch the dart slug.
You kill the dart slug!
Lugonu accepts your kill.
No target in view!
No target in view!
A hobgoblin comes into view.
A hobgoblin is nearby!
A hobgoblin is nearby!
A hobgoblin is nearby!
The hobgoblin shouts!
You hear an angry growl.
A black bear comes into view.
The hobgoblin barely misses you.
You scratch the hobgoblin.
You kill the hobgoblin!
Lugonu accepts your kill.
Okay, then.
Aiming: Phantom Mirror
Press: ? - help, Dir - move target, f - black bear
Aim: a black bear You reflect the black bear with the mirror!
The mirror clouds!
Your black bear bites the black bear.
Your black bear closely misses the black bear.
Your black bear claws the black bear.
You claw the black bear! The black bear barely misses you.
The black bear claws you.
The black bear closely misses you. 😕 HP[-3]
You take 3 damage, and now have 14/17 hp.
You scratch the black bear but do no damage.
You bite the black bear.
Your black bear closely misses the black bear.
Your black bear claws the black bear. x2
The black bear goes berserk!
You closely miss the black bear. The black bear bites you.
* * * LOW HITPOINT WARNING * * *
The black bear closely misses you. The black bear claws you.
* * * LOW HITPOINT WARNING * * *
Your black bear bites the black bear.
Your black bear barely misses the black bear.
Your black bear closely misses the black bear. 😱 HP[-11]
You take 11 damage, and now have 3/17 hp.
MASSIVE DAMAGE!! (PAUSE)
The black bear bites you!
Ouch! That really hurt!
You die...

Skill      XL: |  1  2 |
---------------+-------+-----
Invocations    | 2 |  2.2
Stealth        | 1 |  1.9
Fighting       | |  3.3
Dodging        | |  3.7
Unarmed Combat | |  2.4

Action                   || total
-------------------------++-------
Melee: Unarmed           ||    71
       Bite              ||     9
Invok: Depart the Abyss  ||     1
Evoke: Phantom mirror    ||     1
 Stab: Sleeping          ||     2
Armor: Skin              ||     4
Dodge: Dodged            ||    67

Levels and vault maps discovered:
D:1:      dpeg_arrival_fog, layout_basic
D:2:      layout_basic, uniq_sigmund, uniq_crazy_yiuf_cottage

Notes
Turn   | Place    | Note
-------+----------+-------------------------------------------
     0 | Abyss:1  | spiderkeys the Felid Abyssal Knight began the quest for the
                  | Orb.
     0 | Abyss:1  | Reached XP level 1. HP: 10/10 MP: 3/3
     0 | Abyss:1  | magus.rc [v1.9.10]
     9 | Abyss:1  | Found a corrupted altar of Lugonu.
    50 | Abyss:2  | Noticed a yellow draconian
    82 | Abyss:2  | Noticed a raiju
    84 | D:1      | You pass through the gate.
    84 | D:1      | Escaped the Abyss
   406 | D:1      | Reached skill level 2 in Invocations
   406 | D:1      | Reached XP level 2. HP: 14/14 MP: 4/4
   412 | D:1      | Reached skill level 1 in Stealth
   436 | D:1      | Reached * piety under Lugonu
  1323 | D:1      | Reached XP level 3. HP: 16/17 MP: 5/5
  1599 | D:2      | Noticed a black bear
  1606 | D:2      | HP: 3/17 [black bear (5)]
  1609 | D:2      | Mangled by a black bear

Vanquished Creatures
  An adder (D:2)
  A dart slug (D:2)
  4 bats (D:1)
  An endoplasm (D:1)
  8 goblins
  5 hobgoblins
  2 jackals (D:1)
  2 kobolds (D:1)
  3 ball pythons
  A frilled lizard (D:1)
  3 rats
31 creatures vanquished.

Table legend:
 A = Non-vault XP
 B = Vault XP
 C = Vault XP percentage of total XP
 D = Non-vault monster count
 E = Vault monster count
 F = Vault count percentage of total count
                 A         B        C        D         E       F
            +---------+---------+-------+---------+---------+-------
      Total |      66 |       0 |   0.0 |      31 |       0 |   0.0
            +---------+---------+-------+---------+---------+-------
        D:1 |      42 |       0 |   0.0 |      24 |       0 |   0.0
        D:2 |      24 |       0 |   0.0 |       7 |       0 |   0.0
            +---------+---------+-------+---------+---------+-------

Illustrated notes

Table legend:
 A = Kills in this place as a percentage of kills in entire the game.
 B = Kills by you in this place as a percentage of kills by you in the entire game.
 C = Kills by friends in this place as a percentage of kills by friends in the entire game.
 D = Other kills in this place as a percentage of other kills in the entire game.
 E = Experience gained in this place as a percentage of experience gained in the entire game.
 F = Experience gained in this place divided by the number of levels of this place that you have seen.
                   A       B       C       D       E      F
               +-------+-------+-------+-------+-------+----------------------
         Total | 100.0 | 100.0 |   N/A |   N/A | 100.0 |  16.5
       Dungeon | 100.0 | 100.0 |   N/A |   N/A | 100.0 |  33.0
               +-------+-------+-------+-------+-------+----------------------

Table legend: (Time is in decaauts)
 A = Elapsed time spent in this place.
 B = Non-inter-level travel time spent in this place.
 C = Inter-level travel time spent in this place.
 D = Time resting spent in this place.
 E = Time spent auto-exploring this place.
 F = Levels seen in this place.
 G = Mean time per level.
                   A        B        C        D        E       F      G
               +--------+--------+--------+--------+--------+-----+--------+
         Total |   1416 |   1404 |     12 |      0 |   1178 |   4 |  354.0 |
       Dungeon |   1349 |   1337 |     12 |      0 |   1174 |   2 |  674.5 |
         Abyss |     67 |     67 |      0 |      0 |      4 |   2 |   33.5 |
               +--------+--------+--------+--------+--------+-----+--------+

Top non-repeatable levels by time:
     D:1: 1156 daAuts
     D:2: 192 daAuts
 Abyss:1: 35 daAuts
 Abyss:2: 32 daAuts
